 Dungeon Crawl Stone Soup version 0.31-a0-229-g1fc7ce9 (webtiles) character file.

Game seed: 781086574652306647

565 Dawnplanks the Gusty (level 7, -12/37 HPs)
             Began as a Tengu Air Elementalist on July 6, 2023.
             Killed by divine providence
             ... invoked by an orc priest
              (17 damage)
             ... on level 4 of the Dungeon.
             The game lasted 00:07:05 (4238 turns).

Dawnplanks the Gusty (Tengu Air Elementalist)       Turns: 4238, Time: 00:07:05

Health: -12/37     AC:  2    Str:  8    XL:     7   Next: 32%
Magic:  1/15       EV: 15    Int: 17    God:
Gold:   217        SH:  0    Dex: 15    Spells: 5/15 levels left

rFire   + . .        h - +0 mace
rCold   + . .        (no shield)
rNeg    . . .        a - +0 robe
rPois   .            p - +0 hat
rElec   .            i - scarf {rC+ rF+}
rCorr   +            (no gloves)
SInv    .            (boots unavailable)
Will    +....        (no amulet)
Stlth   ++           d - ring of willpower
HPRegen 0.26/turn    o - ring of resist corrosion
MPRegen 0.14/turn

%: no passive effects
@: flying quickly and evasively, quick
A: beak, talons 3, nimble flight
a: no special abilities


You were on level 4 of the Dungeon.
You visited 1 branch of the dungeon, and saw 4 of its levels.

You collected 217 gold pieces.

Inventory:

Hand Weapons
 h - a +0 mace (weapon)
Armour
 a - a +0 robe (worn)
 i - a scarf of resistance (worn)
 p - a +0 hat (worn)
Jewellery
 d - a ring of willpower (left hand)
 o - a ring of resist corrosion (right hand)
Wands
 n - a wand of charming (17)
Scrolls
 e - a scroll of enchant armour
 f - 3 scrolls of amnesia
 k - 2 scrolls of brand weapon {unknown}
 m - a scroll of teleportation
 q - a scroll of vulnerability
Potions
 b - 2 potions of magic
 c - a potion of brilliance {unknown}
 g - 2 potions of heal wounds {unknown}
 j - a potion of ambrosia {unknown}
 l - 2 potions of attraction {unknown}
 r - 3 potions of haste {unknown}
 s - a potion of might {unknown}


   Skills:
 + Level 0.6 Fighting
 + Level 3.1 Dodging
 - Level 2.1 Stealth
 + Level 4.7 Spellcasting
 + Level 5.1 Conjurations
 + Level 6.3 Air Magic


You had 5 spell levels left.
You knew the following spells:

 Your Spells              Type           Power      Damage    Failure   Level
a - Shock                 Conj/Air       92%        1d8       1%          1
b - Static Discharge      Conj/Air       46%        2-4/arc   1%          2
c - Swiftness             Air            25%        N/A       3%          3
d - Airstrike             Air            12%        2d(2-18)  11%         4

Your spell library contained the following spells:

 Spells                   Type           Power      Damage    Failure   Level
 Dazzling Flash           Conj/Hex       24%        N/A       16%         3
 Ensorcelled Hibernation  Hex/Ice        6%         N/A       22%         2
 Summon Lightning Spire   Summ/Air       14%        N/A       36%         4
 Spider Form              Tmut/Pois      3%         N/A       41%         3
 Volatile Blastmotes      Fire/Tloc      6%         2d10      41%         3
 Iskenderun's Mystic Bla  Conj/Tloc      12%        2d5       45%         4
 Anguish                  Hex/Necr       1%         N/A       82%         4
 Starburst                Conj/Fire      6%         6d4       100%        6


Dungeon Overview and Level Annotations

Branches:
Dungeon (4/15)
 Temple: D:4-7

Altars:
Hepliaklqana
Okawaru


Innate Abilities, Weirdness & Mutations

You have a beak for a mouth.
You have claws for feet.
Your magical nature lets you fly swiftly and evasively.


Message History

Aiming: Airstrike (quite dangerous; 11% risk of failure)
Press: ? - help, Dir - move target, f/p - orc warrior
Aim: an orc warrior, wielding a +0 short sword and wearing a +0 plate armour (lightly wounded, empty space bonus: 8/8)
The air twists around and strikes the orc warrior!!
The orc warrior is severely wounded.
Casting: Airstrike (quite dangerous; 11% risk of failure)
Confirm with . or Enter, or press ? or * to list all spells.
You don't have enough magic to cast this spell.
An orc warrior is nearby!
Unknown command.
The zap hits the orc warrior but does no damage.
The orc warrior is severely wounded.
The zap hits the orc warrior but does no damage.
The orc warrior is severely wounded.
The zap hits the orc warrior.
The orc warrior is almost dead.
You barely miss the orc warrior.
The orc priest shouts!
Your kick misses the orc warrior.
The orc warrior is almost dead.
The orc warrior hits you with a +0 short sword!
You hit the orc warrior but do no damage.
You claw the orc warrior, but do no damage.
You peck the orc warrior, but do no damage.
The orc warrior is almost dead.
The orc warrior hits you with a +0 short sword!
* * * LOW HITPOINT WARNING * * *
The orc warrior hits you with a +0 short sword.
* * * LOW HITPOINT WARNING * * *
You hit the orc warrior but do no damage.
Your kick misses the orc warrior.
The orc warrior is almost dead.
The orc priest looks satisfied for a moment.
The orc warrior closely misses you.
You hit the orc warrior but do no damage.
Your kick misses the orc warrior.
The orc warrior is almost dead.
The orc priest mumbles some strange prayers to Beogh against you.
Beogh smites you!
You die...

.## #)# #..# ....###.###
#..# #...#.#.+ +..# #...#.#
#..# ###...###########..#
##.................#
#..................#
#........).........#
#.......o..o@......#
#......#.#.........#
#..................... #
#......#.#............. ###
##......................
..####......................
#....#.#######.####.........
.###.#.# #.# ..... . #...#
..


You could see an orc warrior and an orc priest.

Vanquished Creatures
  An ogre (D:4)
  A phantom (D:4)
  A hound (D:4)
  An orc priest (D:3)
  Jessica (D:3)
  Natasha (twice) (D:4)
  2 iguanas (D:4)
  An orc wizard (D:4)
  5 gnolls
  7 adders
  3 dart slugs
  7 orcs (D:3)
  9 ball pythons
  5 bats
  13 endoplasms
  2 giant cockroaches (D:1)
  5 goblins
  4 hobgoblins
  6 kobolds
  3 quokkas
  4 frilled lizards
  3 rats
86 creatures vanquished.

Notes
Turn   | Place    | Note
-------+----------+-------------------------------------------
     0 | D:1      | Dawnplanks the Tengu Air Elementalist began the quest for
                  | the Orb.
     0 | D:1      | Reached XP level 1. HP: 10/10 MP: 4/4
   222 | D:1      | Reached XP level 2. HP: 15/15 MP: 0/6
   436 | D:1      | Reached XP level 3. HP: 5/19 MP: 1/7
  1089 | D:2      | Found a faded altar of an unknown god.
  1187 | D:2      | HP: 1/28 [poisoned by an adder]
  1448 | D:2      | Reached XP level 4. HP: 20/24 MP: 5/8
  2287 | D:3      | Found an iron altar of Okawaru.
  2409 | D:3      | Reached skill level 5 in Air Magic
  2409 | D:3      | Gained mutation: Your magical nature lets you fly swiftly
                  | and evasively. [Tengu growth]
  2409 | D:3      | Reached XP level 5. HP: 28/28 MP: 1/10
  2964 | D:3      | Found a faded altar of an unknown god.
  2964 | D:3      | Noticed Jessica
  2969 | D:3      | Killed Jessica
  2970 | D:3      | Found a hazy altar of Hepliaklqana.
  3041 | D:3      | Learned a level 2 spell: Static Discharge
  3045 | D:3      | Learned a level 3 spell: Swiftness
  3050 | D:3      | Learned a level 4 spell: Airstrike
  3604 | D:4      | Noticed Natasha
  3609 | D:4      | Killed Natasha
  3610 | D:4      | Reached XP level 6. HP: 33/33 MP: 6/12
  3805 | D:4      | Noticed an orc warrior
  3811 | D:4      | Noticed Natasha
  3851 | D:4      | Killed Natasha
  3982 | D:4      | Noticed a black bear
  4017 | D:4      | Reached skill level 6 in Air Magic
  4017 | D:4      | Reached XP level 7. HP: 28/37 MP: 4/14
  4161 | D:4      | Reached skill level 5 in Conjurations
  4238 | D:4      | Killed from afar by an orc priest

Illustrated notes

Levels and vault maps discovered:
D:1:      onia_arrival_pentagram, layout_rooms, kennysheep_another_room
D:2:      layout_rooms, serial_co_window_serial, co_window_paths_a,
          co_window_paths_a, co_window_cross_1, co_window_paths_a,
          co_window_paths_b, co_window_broadway_a, co_window_2corner,
          co_window_broadway_c, co_window_broadway_a, co_window_4corner_b,
          co_window_4corner_a, glass_columns_b,
          shapermc_ecumenical_altar_pompeii
D:3:      minmay_recursive_quarters, layout_loops_ring,
          kennysheep_okawaru_gauntlet, beargit_hepliaklqana_dungeon_heroes,
          amcnicky_mini_rare_corridor_liquid, minmay_fractal_squares_diagonal_5
D:4:      layout_rooms, nzn_wu_jian_contemplation,
          nicolae_yredelemnul_ghost_church, bloody_trog, serial_glass,
          glass_columns_a, glass_columns_b, uniq_natasha

Skill      XL: |  1  2  3  4  5  6  7 |
---------------+----------------------+-----
Conjurations   | 2 3 4 5 |  5.1
Spellcasting   | 3 4 |  4.7
Air Magic      | 5 6 |  6.3
Dodging        | 3 |  3.1
Fighting       | |  0.6
Stealth        | |  2.1

Action                     |  1- 3 |  4- 6 |  7- 9 || total
---------------------------+-------+-------+-------++-------
  Melee: Unarmed           |     9 |       |       ||     9
         Kick              |     5 |     1 |     3 ||     9
         Peck              |     3 |     2 |     4 ||     9
         Punch             |     1 |       |       ||     1
         Mace              |    14 |     9 |    11 ||    34
   Cast: Shock             |    74 |   133 |    20 ||   227
         Airstrike         |       |     2 |     2 ||     4
    Use: Potion            |     2 |     1 |       ||     3
         Scroll            |       |     4 |       ||     4
 Armour: Robe              |     8 |     9 |       ||    17
  Dodge: Dodged            |    17 |    27 |     5 ||    49

Table legend: (Time is in decaauts)
 A = Elapsed time spent in this place.
 B = Non-inter-level travel time spent in this place.
 C = Inter-level travel time spent in this place.
 D = Time resting spent in this place.
 E = Time spent auto-exploring this place.
 F = Levels seen in this place.
 G = Mean time per level.
                   A        B        C        D        E       F      G
               +--------+--------+--------+--------+--------+-----+--------+
         Total |   4163 |   4012 |    151 |    302 |   3150 |   4 | 1040.8 |
       Dungeon |   4163 |   4012 |    151 |    302 |   3150 |   4 | 1040.8 |
               +--------+--------+--------+--------+--------+-----+--------+

Top non-repeatable levels by time:
     D:3: 1522 daAuts
     D:2: 1264 daAuts
     D:1: 941 daAuts
     D:4: 435 daAuts
